Map: Orbital Shipyard

Players

Serral - Winner!

  • Race: Zerg Zerg
  • League: Master

hydra

  • Race: Zerg Zerg

Event: NationWars III

VOD

Have the link to the VOD?

Description

Time

  • Played on: Dec. 12, 2015, 3:41 p.m.
  • Length: 14:46
Show
View Real Time Build Order
Export as new Build Order

Serral Zerg - Winner!

Build Orders: Hatch First, Lurkers 

Get SALT Encoding   

  12  0:01  Drone  
  13  0:12  Overlord  
  13  0:17  Drone  
  14  0:31  Drone x2  
  14  0:34  Drone  
  17  0:52  Hatchery  
  17  0:55  Drone  
  17  1:08  Spawning Pool  
  17  1:11  Drone  
  17  1:13  Drone  
  17  1:17  Extractor  
  17  1:18  Drone  
  18  1:29  Drone  
  19  1:43  Overlord  
  19  1:56  Queen  
  19  1:57  Zergling x2  
  22  2:02  Drone  
  22  2:03  Queen  
  22  2:04  Drone  
  26  2:11  Drone  
  26  2:14  Drone  
  28  2:16  Metabolic Boost  
  28  2:22  Drone  
  29  2:25  Drone  
  30  2:32  Drone  
  31  2:37  Roach Warren  
  31  2:38  Drone  
  31  2:43  Drone  
  32  2:51  Overlord  
  31  2:54  Drone  
  32  2:59  Zergling x2  
  32  3:04  Drone x3  
  36  3:12  Overlord  
  36  3:17  Roach x4  
  44  3:21  Overlord  
  44  3:30  Roach  
  44  3:34  Evolution Chamber  
  45  3:37  Drone x2  
  45  3:38  Extractor  
  47  3:42  Hatchery  
  47  3:43  Drone x2  
  49  3:48  Drone x3  
  49  3:49  Drone  
  52  3:55  Overlord  
  52  3:57  Drone  
  52  3:59  Zerg Missile Weapons Level 1, Extractor  
  52  4:02  Drone  
  53  4:03  Drone, Extractor  
  52  4:12  Roach x2  
  56  4:20  Roach x2  
  56  4:21  Zergling x8  
  64  4:29  Overlord x2  
  64  4:39  Lair  
  64  4:41  Extractor  
  64  4:44  Overlord  
  63  4:51  Drone x6  
  69  4:53  Drone x3  
  69  4:59  Queen  
  74  5:03  Drone x2  
  72  5:16  Drone x5  
  72  5:20  Ravager  
  72  5:21  Ravager x3  
  79  5:23  Overlord  
  81  5:29  Overlord x2  
  81  5:38  Overseer  
  81  5:39  Overlord  
  81  5:46  Roach x2  
  81  5:47  Roach x2, Glial Reconstitution  
  89  5:50  Drone x3  
  89  5:51  Drone  
  89  5:54  Roach  
  95  6:02  Zerg Missile Weapons Level 2  
  95  6:04  Overlord  
  95  6:11  Overlord  
  95  6:13  Drone  
  95  6:14  Drone x8  
  95  6:16  Extractor  
  95  6:17  Extractor  
  95  6:18  Drone x2  
  104  6:26  Overlord x2  
  104  6:27  Overseer  
  104  6:32  Drone x2  
  106  6:37  Roach x5  
  116  6:44  Roach x5  
  116  6:46  Pneumatized Carapace, Hydralisk Den  
  125  6:56  Overlord  
  125  6:58  Roach x3  
  131  7:02  Overlord  
  131  7:03  Overlord  
  131  7:09  Hatchery  
  130  7:22  Lurker Den  
  130  7:24  Roach x10  
  150  7:40  Hydralisk x5  
  150  7:44  Overlord, Hydralisk  
  160  7:47  Roach x4  
  170  7:54  Overlord x2  
  170  8:10  Overseer  
  170  8:14  Drone x4  
  170  8:15  Drone x3  
  170  8:17  Overlord  
  170  8:18  Zerg Ground Armor Level 1, Roach x5  
  170  8:19  Overseer  
  187  8:23  Queen  
  189  8:29  Roach x5  
  189  8:31  Overlord x2  
  189  8:33  Extractor  
  198  8:37  Extractor  
  189  8:45  Roach  
  189  8:46  Roach x2  
  191  8:51  Ravager x4  
  191  8:52  Ravager  
  191  8:53  Lurker x2  
  191  8:55  Overlord x3, Lurker  
  199  9:02  Overlord  
  184  9:10  Roach  
  184  9:11  Roach x6  
  173  9:17  Roach x8  
  173  9:22  Queen  
  177  9:28  Hydralisk  
  177  9:29  Hydralisk x3  
  174  9:44  Ravager x3  
  177  9:45  Queen  
  177  9:47  Burrow  
  177  9:48  Roach  
  177  9:49  Roach x5  
  191  10:00  Lurker  
  191  10:05  Spore Crawler  
  191  10:06  Overlord x2, Spine Crawler  
  190  10:07  Spine Crawler  
  190  10:08  Spine Crawler  
  190  10:10  Lurker x3  
  190  10:12  Drone  
  192  10:30  Overseer  
  192  10:38  Overlord  
  192  10:40  Drone x2  
  192  10:41  Ravager x6  
  196  11:17  Overlord  
  188  11:19  Roach x6  
  165  11:40  Hydralisk x4  
  165  11:43  Roach x15  
  165  11:44  Roach x2  
  165  11:46  Roach  
  191  11:56  Roach x4  
  193  12:06  Roach x4  
  193  12:07  Roach x4  
  200  12:10  Lurker  
  183  12:21  Lurker  
  183  12:22  Lurker  
  173  12:24  Roach x13  
  191  12:38  Queen  
  191  12:42  Hydralisk x3  
  199  12:45  Tunneling Claws  
  199  12:49  Hatchery  
  191  13:04  Ravager  
  191  13:05  Ravager x4  
  194  13:16  Lurker x3  
  194  13:17  Hydralisk  
  197  13:31  Ravager x2  
  197  13:39  Roach x7  
  197  13:40  Roach x10  
  197  13:41  Roach x10  
  190  13:44  Roach  
  190  13:45  Roach x8  
  175  13:57  Roach x5  
  175  13:58  Roach  
  175  13:59  Roach x4  
  165  14:05  Roach  
  165  14:06  Roach  
  161  14:14  Roach x5  
  161  14:19  Hydralisk x5  
  161  14:25  Lurker, Roach x7  
Show
View Real Time Build Order
Export as new Build Order

hydra Zerg 

Build Orders: Hatch First 

Get SALT Encoding   

  12  0:01  Drone  
  13  0:12  Overlord  
  13  0:17  Drone  
  14  0:31  Drone x2  
  14  0:34  Drone  
  17  0:51  Hatchery  
  17  0:54  Drone  
  17  0:57  Drone  
  18  1:06  Drone  
  18  1:08  Extractor  
  18  1:15  Spawning Pool  
  18  1:18  Drone  
  18  1:28  Drone  
  19  1:38  Overlord  
  19  1:49  Drone  
  20  2:01  Queen  
  20  2:02  Queen, Zergling x2  
  20  2:03  Drone  
  26  2:11  Metabolic Boost  
  26  2:12  Drone  
  26  2:13  Drone  
  28  2:22  Drone  
  29  2:24  Drone  
  30  2:32  Baneling Nest, Drone  
  30  2:35  Drone  
  31  2:37  Queen  
  31  2:43  Drone  
  34  2:45  Overlord  
  34  2:54  Drone  
  34  2:56  Drone  
  36  3:05  Zergling x2  
  37  3:08  Drone  
  38  3:13  Drone x2  
  38  3:14  Drone x3  
  38  3:15  Drone  
  38  3:18  Overlord  
  44  3:27  Hatchery  
  43  3:35  Queen  
  43  3:40  Drone  
  46  3:42  Drone  
  46  3:47  Roach Warren, Zergling x10  
  50  3:51  Zergling x4  
  52  3:56  Overlord  
  52  3:57  Overlord  
  52  4:03  Overlord  
  52  4:04  Overlord  
  52  4:10  Overlord  
  52  4:17  Drone x3  
  52  4:18  Extractor  
  54  4:27  Drone x4  
  54  4:28  Evolution Chamber  
  57  4:35  Lair  
  56  4:41  Drone x2  
  56  4:45  Extractor  
  57  4:47  Roach  
  57  4:48  Roach x5  
  57  4:52  Drone x2  
  71  5:00  Drone x6  
  77  5:08  Zerg Missile Weapons Level 1  
  77  5:10  Drone  
  77  5:12  Baneling x2  
  77  5:22  Drone  
  77  5:23  Drone x2  
  77  5:25  Drone x2  
  80  5:37  Glial Reconstitution  
  80  5:39  Hatchery  
  80  5:40  Extractor  
  77  5:43  Drone x2  
  77  5:44  Drone  
  77  5:45  Drone x2  
  77  5:46  Drone x3, Extractor  
  77  5:47  Drone  
  77  5:49  Roach  
  86  5:53  Pneumatized Carapace  
  86  5:54  Roach  
  86  5:55  Roach x4  
  96  5:59  Overlord x2  
  96  6:02  Overlord  
  96  6:07  Overlord  
  96  6:10  Overseer  
  96  6:16  Extractor  
  95  6:18  Evolution Chamber  
  95  6:19  Drone  
  95  6:23  Drone x3  
  95  6:24  Drone  
  95  6:25  Drone, Roach  
  102  6:26  Roach x4  
  102  6:27  Overseer  
  102  6:29  Ravager  
  112  6:32  Ravager  
  112  6:33  Overlord x3  
  112  6:44  Zerg Ground Armor Level 1  
  112  6:46  Overlord  
  112  6:47  Overlord  
  112  6:48  Roach  
  112  6:49  Roach x3  
  120  6:56  Drone  
  121  7:02  Zerg Missile Weapons Level 2  
  121  7:04  Hatchery, Roach x2  
  121  7:05  Roach  
  126  7:10  Roach x3  
  131  7:16  Overlord x3  
  131  7:20  Ravager x2  
  133  7:26  Ravager  
  134  7:31  Roach x5  
  134  7:32  Roach  
  144  7:39  Roach x4  
  152  7:46  Overlord x3  
  152  7:47  Overlord  
  152  7:54  Roach x6  
  164  8:00  Roach x4  
  172  8:06  Ravager x2  
  172  8:08  Zergling x8  
  172  8:09  Zergling x6  
  181  8:15  Ravager x2  
  181  8:18  Roach x2  
  187  8:24  Roach x4  
  195  8:32  Ravager  
  195  8:34  Roach x2  
  195  9:02  Zerg Ground Armor Level 2  
  150  9:19  Roach x6  
  150  9:20  Roach x3  
  150  9:21  Roach  
  150  9:22  Roach  
  152  9:24  Overseer  
  152  9:26  Drone x2  
  152  9:28  Spine Crawler, Extractor x2  
  152  9:30  Spore Crawler  
  144  9:31  Roach x8  
  144  9:32  Roach x5  
  144  9:35  Roach x2  
  160  9:48  Hydralisk Den  
  160  9:49  Ravager  
  160  10:12  Ravager x6  
  166  10:30  Hatchery  
  166  10:33  Roach x6  
  189  10:46  Hydralisk x7  
  189  10:47  Hydralisk  
  191  11:06  Hydralisk Den  
  190  11:16  Drone x3  
  190  11:17  Drone x3  
  188  11:30  Overseer  
  152  11:44  Roach x12  
  152  11:45  Roach x10  
  175  11:52  Roach x13  
  175  11:53  Roach x3  
  160  12:03  Roach x5  
  161  12:13  Roach  
  161  12:14  Roach x3  
  157  12:22  Drone x2  
  145  12:24  Drone x3  
  144  12:34  Hydralisk x4  
  152  12:43  Ravager x6  
  152  12:44  Ravager x4  
  162  12:47  Ravager  
  162  12:49  Overseer  
  159  13:02  Hydralisk x5  
  169  13:11  Roach  
  169  13:12  Roach x3  
  177  13:21  Hydralisk x3  
  153  13:43  Roach x5  
  153  13:44  Roach x7  
  124  13:57  Roach  
  124  13:58  Roach x6  
  119  14:03  Roach x3  
  119  14:05  Ravager  
  119  14:08  Overseer  
  108  14:13  Hydralisk x3  
  105  14:24  Roach  
  105  14:25  Roach x4  
Tags
 
Add a new tag
Caveats
  • Supply blocks, unpowered buildings, or Contaminate may cause inaccurate times.
  • Supply counts are checked every 10 seconds.